Build Orders - Match 35383190 - cohdb - Company of Heroes 3 Replays

Match 35383190
Unlisted

Match 35383190
End
Kradschützen Motorcycle Team
Kradschützen Motorcycle Team
Selects Battlefield Espionage Battlegroup
Selects Sector Subterfuge Beacon
Panzergrenadier Squad
Panzergrenadier Squad
Construct Light Support Kompanie
Fire Support Elements
Pak 38 Anti-tank Gun Team
Flakvierling Half-track
Selects 250/3 Funkpanzerwagen
Veteran Squad Leaders
2.5-tonne Medical Truck
Panzerpioneer Squad
Construct Panzerarmee Kommand
Selects Anti-Tank Incendiary Munitions
Vehicle Survival Package
Panzer III L Medium Tank
Panzer III L Medium Tank
Selects Operation Skorpion
Walking Stuka Rocket Launcher
Alpenwell
CourageCommander
0
0

Comments sign in to comment!

No comments posted yet!